 Dungeon Crawl Stone Soup version 0.27-a0-1188-g73eefd5def (webtiles) character file.

Game seed: 7998108117819672962

2744 st0uf the Cruncher (level 9, -1/55 HPs)
             Began as a Gargoyle Gladiator on May 20, 2021.
             Slain by a killer bee (7 damage)
             ... on level 7 of the Dungeon.
             The game lasted 00:13:44 (7998 turns).

st0uf the Cruncher (Gargoyle Gladiator)             Turns: 7998, Time: 00:13:44

Health: -1/55      AC: 16    Str: 20    XL:     9   Next: 68%
Magic:  9/9        EV: 10    Int: 10    God:
Gold:   244        SH:  5    Dex: 11    Spells: 7/8 levels left

rFire    . . .     SeeInvis .   a - +0 quarterstaff
rCold    . . .     Faith    .   (shield currently unavailable)
rNeg     + . .     Spirit   .   h - +0 scale mail
rPois    ∞         Reflect  +   c - +1 helmet
rElec    +         Harm     .   (no cloak)
rCorr    .         Rampage  .   (no gloves)
Will     .....                  (no boots)
Stlth    +.........             A - amulet of reflection
HPRegen  0.18/turn              (no ring)
MPRegen  0.11/turn              (no ring)

@: about to teleport
A: sickness immunity, AC +6, negative energy resistance 1, electricity
resistance, torment resistance 1, petrification resistance
a: no special abilities


You were on level 7 of the Dungeon.
You visited 1 branch of the dungeon, and saw 7 of its levels.

You collected 244 gold pieces.

Inventory:

Hand Weapons
 a - a +0 quarterstaff (weapon)
Missiles
 g - a poisoned dart (quivered)
 w - 2 atropa-tipped darts
 F - 39 stones
Armour
 b - a +0 leather armour
 c - a +1 helmet (worn)
 e - a +0 plate armour
 h - a +0 scale mail (worn)
 s - a +0 buckler
Jewellery
 A - an amulet of reflection (around neck)
Scrolls
 k - 2 scrolls of torment {unknown}
 m - a scroll of amnesia {unknown}
 n - a scroll of fog {unknown}
 o - 6 scrolls of identify {unknown}
 p - a scroll of summoning {unknown}
 q - a scroll of enchant weapon {unknown}
 t - 2 scrolls of enchant armour
 v - a scroll of acquirement {unknown}
 y - a scroll of teleportation
 D - a scroll of blinking {unknown}
 E - a scroll of silence {unknown}
Potions
 f - a potion of ambrosia {unknown}
 i - 3 potions of attraction {unknown}
 j - a potion of curing {unknown}
 l - a potion of degeneration {unknown}
 r - 2 potions of cancellation {unknown}
 u - a potion of haste {unknown}
 x - a potion of brilliance {unknown}
 z - 5 potions of heal wounds {unknown}
 B - 2 potions of magic {unknown}
 C - a potion of berserk rage {unknown}


   Skills:
 + Level 6.1 Fighting
 + Level 9.5 Staves
 + Level 2.9 Throwing
 + Level 6.6 Armour
 - Level 2.4 Dodging
 + Level 2.8 Stealth
 + Level 2.2 Shields


You had 7 spell levels left.
You knew the following spells:

 Your Spells              Type           Power      Damage    Failure   Level
a - Sandblast             Erth           0%         2d4       69%         1

Your spell library contained the following spells:

 Spells                   Type           Power      Damage    Failure   Level
 Freeze                   Ice            0%         1d3       69%         1
 Passwall                 Tmut/Erth      0%         N/A       83%         2
 Frozen Ramparts          Ice            0%         1d2       96%         3
 Ozocubu's Armour         Ice            0%         N/A       96%         3
 Stone Arrow              Conj/Erth      0%         3d7       96%         3
 Hailstorm                Conj/Ice       0%         3d3       100%        4
 Petrify                  Tmut/Erth      0%         N/A       100%        4
 Lee's Rapid Deconstruct  Erth           0%         3d5*      100%        5
 Metabolic Englaciation   Hex/Ice        0%         N/A       100%        5


Dungeon Overview and Level Annotations

Branches:
Dungeon (7/15)             Temple (0/1) D:7

Altars:
Vehumet


Innate Abilities, Weirdness & Mutations

You are immune to sickness and miasma.
Your stone body is resilient. (AC +6)
You are immune to poison.
You resist negative energy. (rN+)
You are resistant to electric shocks. (rElec)
You are resistant to unholy torment.
You are immune to petrification.


Message History

The orc wizard gestures at itself while chanting.
The orc wizard flickers and vanishes!
You block the killer bee's attack. The killer bee barely misses you.
Throw: 3 darts (poison)
Press: ? - help, Q - select action, (/) - cycle Shift-Dir - straight line, f/p - killer bee
Aim: a killer bee (31% to hit)
You throw a poisoned dart.
The poisoned dart misses the killer bee.
The killer bee barely misses you.
The killer bee stings you but does no damage. x2
Throw: 2 darts (poison)
Press: ? - help, Q - select action, (/) - cycle Shift-Dir - straight line, f/p - killer bee
Aim: a killer bee (31% to hit)
You throw a poisoned dart. The poisoned dart hits the killer bee!
The killer bee is poisoned.
The killer bee stings you but does no damage.
You block the killer bee's attack. The killer bee closely misses you.
The killer bee stings you but does no damage.
As you read the scroll of teleportation, it crumbles to dust.
You feel strangely unstable. You block the killer bee's attack.
The killer bee stings you.
* * * LOW HITPOINT WARNING * * *
The killer bee barely misses you. The killer bee closely misses you.
The killer bee stings you but does no damage. x2
Unknown command.
You hit the killer bee.
The killer bee is moderately wounded.
The killer bee stings you but does no damage.
You block the killer bee's attack. x2
The killer bee stings you but does no damage. x2
The kobold brigand shouts!
You hit the killer bee.
The killer bee is almost dead.
You hear a shout! x2
The killer bee stings you but does no damage. x4
The killer bee misses you.
You hit the killer bee.
You kill the killer bee!
The killer bee stings you!
You die...

##### ....# ########
....#######(†..(@####### ######
...............y.y..K..### #.....
......................K... +.....
....##################..####.....
##### ##.......... #
###........### # #..........#
##.#....##### #?..y.....#


You could see a kobold brigand, 2 killer bees and a kobold.

Vanquished Creatures
  A hydra (D:6)
  3 yaks
  An ice beast (D:4)
  A sky beast (D:5)
  An ogre (D:5)
  3 phantoms
  A bullfrog (D:7)
  A scorpion (D:5)
  2 wyvern skeletons
  4 wights (D:6)
  4 killer bees (D:7)
  3 orc priests
  2 jellies
  A gnoll shaman (D:5)
  3 hounds
  A centaur skeleton (D:7)
  3 iguanas
  A hound skeleton (D:4)
  3 gnolls
  5 adders
  3 white imps (D:6)
  3 worms (D:4)
  A dart slug (D:3)
  10 orcs
  8 ball pythons
  4 bats
  9 endoplasms
  6 giant cockroaches
  7 goblins
  4 hobgoblins
  23 jackals
  10 kobolds
  A quokka (D:1)
  2 frilled lizards
  A quokka skeleton (D:4)
  5 rats
  A toadstool (D:1)
142 creatures vanquished.

Vanquished Creatures (others)
  3 toadstools (D:1)
3 creatures vanquished.

Grand Total: 145 creatures vanquished

Notes
Turn   | Place    | Note
-------+----------+-------------------------------------------
     0 | D:1      | st0uf the Gargoyle Gladiator began the quest for the Orb.
     0 | D:1      | Reached XP level 1. HP: 12/12 MP: 1/1
   157 | D:1      | Reached XP level 2. HP: 17/17 MP: 2/2
   593 | D:1      | Reached XP level 3. HP: 20/21 MP: 3/3
   942 | D:2      | Reached skill level 4 in Staves
  1207 | D:2      | Found a faded altar of an unknown god.
  1480 | D:3      | Reached XP level 4. HP: 21/27 MP: 4/4
  1973 | D:3      | Reached skill level 1 in Armour
  2553 | D:4      | Reached XP level 5. HP: 17/31 MP: 5/5
  2891 | D:4      | Reached skill level 5 in Staves
  3315 | D:4      | Noticed a phantom
  3334 | D:4      | Killed a phantom
  3335 | D:4      | Reached XP level 6. HP: 17/37 MP: 6/6
  3928 | D:5      | Entered Level 5 of the Dungeon
  3950 | D:5      | Learned a level 1 spell: Sandblast
  3983 | D:5      | Reached skill level 6 in Staves
  4209 | D:5      | Reached XP level 7. HP: 12/42 MP: 7/7
  4615 | D:5      | Noticed a yak
  4615 | D:5      | Noticed a yak
  4617 | D:5      | Noticed a yak
  4666 | D:4      | Killed a yak
  4667 | D:4      | Reached skill level 1 in Shields
  5210 | D:5      | Reached skill level 7 in Staves
  5210 | D:5      | Reached XP level 8. HP: 43/48 MP: 8/8
  5305 | D:5      | Killed a yak
  5306 | D:5      | Reached skill level 1 in Stealth
  5306 | D:5      | HP: 1/48 [ice beast (7)]
  5742 | D:5      | Killed a yak
  6097 | D:5      | Reached skill level 5 in Fighting
  6281 | D:6      | Noticed a four-headed hydra
  6324 | D:5      | Reached skill level 8 in Staves
  6324 | D:5      | Reached skill level 5 in Armour
  6796 | D:6      | Killed a four-headed hydra
  6797 | D:6      | Reached skill level 9 in Staves
  6797 | D:6      | Reached XP level 9. HP: 55/55 MP: 9/9
  7206 | D:6      | Found a radiant altar of Vehumet.
  7624 | D:7      | Found a staircase to the Ecumenical Temple.
  7998 | D:7      | Slain by a killer bee

Illustrated notes

Levels and vault maps discovered:
D:1:      ldierk_water_garden, layout_loops_ring
D:2:      layout_basic, shapermc_ecumenical_altar_totnotflames,
          corexii_hall_statues_u, kennysheep_another_room, minivault_24,
          amcnicky_mini_corridor_feature
D:3:      kennysheep_six_static_rooms, layout_basic, grunt_decor_cap,
          minmay_hedge_maze, glass_columns_a, grunt_decor_mini_mirrors,
          minmay_diced_spiral
D:4:      layout_loops_ring
D:5:      layout_rooms
D:6:      layout_loops_ring, marbit_many_paths, hangedman_decor_growths
D:7:      layout_basic, minmay_temple_entry_grid

Skill      XL: |  1  2  3  4  5  6  7  8  9 |
---------------+----------------------------+-----
Throwing       | 2 |  2.9
Staves         | 4 5 6 7 9 |  9.5
Armour         | 1 2 3 4 6 |  6.6
Fighting       | 3 4 5 6 |  6.1
Shields        | 1 2 |  2.2
Stealth        | 2 |  2.8
Dodging        | |  2.4

Action                   |  1- 3 |  4- 6 |  7- 9 || total
-------------------------+-------+-------+-------++-------
Melee: Quarterstaff      |    97 |   229 |   310 ||   636
Throw: Dart              |       |     6 |    14 ||    20
       Throwing net      |       |       |     3 ||     3
  Use: Scroll            |       |       |     5 ||     5
 Stab: Held in net/web   |       |       |     2 ||     2
Armor: Leather armour    |    11 |       |       ||    11
       Scale mail        |    29 |   120 |   162 ||   311
Dodge: Dodged            |    56 |   120 |   137 ||   313
Block: Other             |       |    14 |    71 ||    85
       Reflection        |       |     1 |     1 ||     2

Table legend: (Time is in decaauts)
 A = Elapsed time spent in this place.
 B = Non-inter-level travel time spent in this place.
 C = Inter-level travel time spent in this place.
 D = Time resting spent in this place.
 E = Time spent auto-exploring this place.
 F = Levels seen in this place.
 G = Mean time per level.
                   A        B        C        D        E       F      G
               +--------+--------+--------+--------+--------+-----+--------+
         Total |   7989 |   7734 |    255 |   2482 |   3862 |   7 | 1141.3 |
       Dungeon |   7989 |   7734 |    255 |   2482 |   3862 |   7 | 1141.3 |
               +--------+--------+--------+--------+--------+-----+--------+

Top non-repeatable levels by time:
     D:4: 2249 daAuts
     D:5: 1557 daAuts
     D:6: 1258 daAuts
     D:3: 1072 daAuts
     D:1: 823 daAuts
     D:2: 615 daAuts
     D:7: 412 daAuts
